 Dungeon Crawl Stone Soup version 0.22.1-1-ga44c0e5 (webtiles) character file.

81 Starchild the Shield-Bearer (level 4, -13/35 HPs)
             Began as a Formicid Fighter on Oct 7, 2018.
             Mangled by an ogre
             ... wielding a cursed -2 giant club
              (20 damage)
             ... on level 6 of the Dungeon.
             The game lasted 00:04:09 (1802 turns).

Starchild the Shield-Bearer (Formicid Fighter)      Turns: 1802, Time: 00:04:10

Health: -13/35     AC:  8    Str: 20    XL:     4   Next: 67%
Magic:  4/4        EV:  8    Int:  8    God:
Gold:   182        SH: 10    Dex: 11    Spells: 3/3 levels left

rFire    . . .     SeeInvis +   a - +0 long sword
rCold    . . .     Gourm    .   c - +0 shield
rNeg     . . .     Faith    .   b - +0 scale mail
rPois    .         Spirit   .   (helmet unavailable)
rElec    .         Reflect  .   o - +0 cloak
rCorr    .         Harm     .   (no gloves)
MR       .....                  (no boots)
Stlth    ..........             (no amulet)
HPRegen  0.11/turn              (no ring)
MPRegen  0.09/turn              (no ring)

@: no status effects
A: permanent stasis, dig shafts and tunnels, four strong arms, antennae 3
a: Dig, Shaft Self


You were on level 6 of the Dungeon.
You were hungry.

You visited 1 branch of the dungeon, and saw 4 of its levels.

You collected 182 gold pieces.

Inventory:

Hand Weapons
 a - a +0 long sword (weapon)
 l - a cursed -3 hunting sling
Missiles
 j - 66 stones (quivered)
Armour
 b - a +0 scale mail (worn)
 c - a +0 shield (worn)
 o - a +0 cloak (worn)
Scrolls
 g - 3 scrolls of remove curse {unknown}
 i - 2 scrolls of identify {unknown}
Potions
 d - a potion of might
 e - a potion of mutation {unknown}
 h - a potion of lignification {unknown}
 k - a potion of heal wounds {unknown}
 m - 2 potions of flight {unknown}
Comestibles
 f - 5 rations


   Skills:
 - Level 3.2 Fighting
 + Level 3.4 Long Blades
 - Level 3.2 Armour
 * Level 5.0 Shields


You had 3 spell levels left.
You didn't know any spells.
Your spell library was empty.

Dungeon Overview and Level Annotations

Branches:
Dungeon (3/15)

Altars:
Dithmenos
Fedhas
Sif Muna
The Shining One


Innate Abilities, Weirdness & Mutations

You cannot be hasted, slowed, berserked, paralysed or teleported.
You can dig through walls and to a lower floor.
Your four strong arms can wield two-handed weapons with a shield.
You have a pair of large antennae on your head. (SInv)


Message History

You hit the ogre.
The ogre is heavily wounded.
The ogre hits you with a giant club!!
Ouch! That really hurt!
You hit the ogre.
The ogre is heavily wounded.
The ogre hits you with a giant club.
* * * LOW HITPOINT WARNING * * *
You hit the ogre.
The ogre is severely wounded.
The ogre barely misses you.
You riposte.
You barely miss the ogre.
The ogre is severely wounded.
Your scale mail prevents you from hitting the ogre.
The ogre is severely wounded.
You block the ogre's attack.
You hit the ogre but do no damage.
The ogre is severely wounded.
The ogre hits you with a giant club!!
Ouch! That really hurt!
You die...

#. #. #. #.##
#..# ##.# #.##
#..# ##@#
>'...ZO......#
.######?.##..#
##+# #


You could see an ogre and a hound skeleton.

Vanquished Creatures
  3 adders
  2 worms (D:2)
  2 dart slugs
  A leopard gecko (D:3)
  An orc (D:3)
  4 bats
  A giant cockroach (D:1)
  7 goblins
  4 hobgoblins
  2 jackals (D:2)
  4 frilled lizards
  8 kobolds
  4 rats (D:2)
43 creatures vanquished.

Notes
Turn   | Place    | Note
-------+----------+-------------------------------------------
     0 | D:1      | Starchild the Formicid Fighter began the quest for the Orb.
     0 | D:1      | Reached XP level 1. HP: 18/18 MP: 1/1
   329 | D:1      | Reached skill level 4 in Shields
   339 | D:1      | Reached XP level 2. HP: 23/24 MP: 2/2
   730 | D:2      | Found a blossoming altar of Fedhas.
   731 | D:2      | Found a deep blue altar of Sif Muna.
   773 | D:2      | Reached XP level 3. HP: 29/29 MP: 3/3
  1290 | D:2      | Found a glowing golden altar of the Shining One.
  1303 | D:2      | Reached XP level 4. HP: 26/35 MP: 4/4
  1538 | D:3      | Found a shadowy altar of Dithmenos.
  1589 | D:3      | Reached skill level 5 in Shields
  1717 | D:3      | You fall through a shaft for 3 floors!
  1796 | D:6      | Noticed an ogre
  1802 | D:6      | Mangled by an ogre

Skill      XL: |  1  2  3  4 |
---------------+-------------+-----
Shields        | 4 5 |  5.0
Long Blades    | 3 |  3.4
Fighting       | |  3.2
Armour         | |  3.2

Action                   |  1- 3 |  4- 6 || total
-------------------------+-------+-------++-------
Melee: Long sword        |   102 |    56 ||   158
 Abil: Dig               |     5 |       ||     5
  Eat: Chunk             |     1 |     2 ||     3
Armor: Scale mail        |    39 |    20 ||    59
Dodge: Dodged            |    34 |    15 ||    49
Block: Shield            |    57 |    32 ||    89
       Rpst.: Long sword |    12 |     6 ||    18
